Cogmind - Beta 13 @@@ ROGUE MODE // 2024.05.04 @ 00:23:46 Player: GayPredator Result: Destroyed by H-71 Marshal with Heavy Mass Driver Performance ------------- Evolutions (6) 3000 Regions Visited (10) 2000 Robots Destroyed (71) 355 Value Destroyed (1322) 1322 Prototype IDs (7) 140 Alien Tech Used (0) 0 Bonus (1777) 1777 TOTAL SCORE: 8594 Bonus ------- High Alert Combat Kills 287 Follower Combat Kills 1147 Entered DSFs 500 Friendly Fire -157 Cogmind --------- Core Integrity 0/1150 Matter 169/300 Energy 99/100 System Corruption 0% Temperature Cool (0) Movement Core (50) Location -4/Factory Parts ------- > --- POWER (2) -------- (None) > --- PROPULSION (5) --- (None) > --- UTILITY (10) ----- (None) > --- WEAPON (2) ------- (None) > --- INVENTORY (5) ---- Compact Wheel Improved Recalibrator Peak State ------------ > --- POWER ------------ Light Angular Momentum Engine > --- PROPULSION ------- Combat Gravmag System Combat Gravmag System Combat Gravmag System Combat Gravmag System Combat Gravmag System > --- UTILITY ---------- Enhanced Optical Array Advanced ECM Suite Improved Reaction Control System Improved Propulsion Shielding Graphene Brace Improved Hacking Suite System Shield > --- WEAPON ----------- Long-range Proton Cannon Railgun > --- INVENTORY -------- Compact Wheel Improved Recalibrator [Rating: 80] Favorites ----------- Power Ion Engine Engine Ion Engine Power Core Light Nuclear Core Reactor Cold Fusion Reactor Propulsion Xenon Bombardment Thruster Treads Light Treads Leg Aluminum Leg Wheel Compact Wheel Hover Unit Combat Gravmag System Flight Unit Xenon Bombardment Thruster Utility System Shield Device Advanced Weight Redist. System Storage Medium Storage Unit Processor Advanced Signal Interpreter Hackware System Shield Protection Improved Propulsion Shielding Weapon Spread Laser Energy Gun Spread Laser Energy Cannon Long-range Proton Cannon Ballistic Gun Railgun Launcher Improved Grenade Launcher Impact Weapon Heavy Flail Build | -11 -10 -9 -9 -8 -7 -7 -6 -5 -5 -4 ------- Run | Yrd Mat Mat Min Mat Fac DSF Fac Fac Ext Fac Slots Evolved 12 | . . 2 . 2 2 . 2 2 . 2 Power 1 | . . . . . 1 . . . . . Propulsion 3 | . . 1 . . 1 . 1 . . . Utility 8 | . . 1 . 2 . . 1 2 . 2 Weapon . | . . . . . . . . . . . Parts Attached 107 | 7 12 9 2 14 6 7 9 10 12 19 Power 20 | 1 3 . . 2 1 5 3 2 2 1 Engine 18 | 1 3 . . 2 1 4 3 1 2 1 Core 1 | . . . . . . 1 . . . . Reactor 1 | . . . . . . . . 1 . . Propulsion 26 | 2 3 1 2 2 4 . 1 . 3 8 Treads 2 | 2 . . . . . . . . . . Leg 4 | . 3 1 . . . . . . . . Wheel 1 | . . . . . . . . . . 1 Hover 7 | . . . . . . . . . . 7 Flight 12 | . . . 2 2 4 . 1 . 3 . Utility 40 | 2 3 5 . 8 . 2 4 7 3 6 Device 23 | 1 3 2 . 4 . 1 3 4 1 4 Storage 3 | 1 . 1 . 1 . . . . . . Processor 4 | . . 1 . . . . 1 . 2 . Hackware 5 | . . . . 2 . . . 2 . 1 Protection 5 | . . 1 . 1 . 1 . 1 . 1 Artifact . | . . . . . . . . . . . Weapon 21 | 2 3 3 . 2 1 . 1 1 4 4 Energy Gun 7 | 1 3 3 . . . . . . . . Energy Cannon 2 | . . . . . . . . . . 2 Ballistic Gun 3 | 1 . . . . . . . . . 2 Ballistic Cannon . | . . . . . . . . . . . Launcher 6 | . . . . 1 . . 1 . 4 . Special Weapon . | . . . . . . . . . . . Impact Weapon 3 | . . . . 1 1 . . 1 . . Slashing Weapon . | . . . . . . . . . . . Piercing Weapon . | . . . . . . . . . . . Special Melee Weapon . | . . . . . . . . . . . Unidentified Prototypes 6 | . . 1 . 1 . . 1 2 . 1 Corrupted Parts 2 | . . . . . . . . . 2 . System Corruption 9 | . . . . . . . . . 9 . Parts Lost 27 | . 4 . 2 1 1 . . . 13 6 Power 7 | . 2 . 1 . 1 . . . 2 1 Propulsion 4 | . . . . . . . . . 4 . Utility 10 | . 1 . 1 1 . . . . 4 3 Weapon 6 | . 1 . . . . . . . 3 2 Highest Loss Streak 10 | . 2 . 2 1 1 . . . 10 5 To Critical Strikes . | . . . . . . . . . . . Average Slot Usage (%) 91 | . 97 97 87 83 82 90 98 99 90 57 Engine 10 | . 13 11 8 4 6 10 9 11 9 3 Treads 3 | . 18 . . . . . . . . . Leg 10 | . 9 31 27 2 . . . . . . Hover 1 | . . . . . . . . . . 13 Flight 13 | . . . 5 24 30 30 33 29 24 3 Device 11 | . 12 6 . 14 7 9 15 13 15 9 Storage 8 | . 14 11 8 3 7 7 6 5 4 . Processor 4 | . . 11 8 . . . 3 5 5 4 Hackware 6 | . . . . 12 7 7 6 17 16 9 Protection 3 | . . 4 8 9 7 7 6 2 . 3 Energy Gun 11 | . 27 21 19 7 . . . . . . Launcher 2 | . . . . 1 7 7 6 5 3 . Impact Weapon 2 | . . . . 3 5 7 6 5 4 . Naked Turns 39 | . . . . . . . . . . 39 Heaviest Build 42 | 15 18 24 24 22 25 33 38 42 38 32 Greatest Support 70 | 40 40 30 30 23 33 33 39 39 39 70 Greatest Overweight (x) 4 | . 1 . . . 1 . . 1 3 4 Average Overweight (x) . | . . . . . . . . . . . Largest Inventory Capacity 10 | 8 8 10 10 10 10 10 10 10 10 5 Average Capacity 8 | 6 8 8 8 6 10 10 10 10 9 5 Most Carried 10 | 5 8 10 10 7 9 10 10 10 10 5 Average Carried 7 | 2 7 7 8 3 7 9 9 8 9 2 Final Capacity 10 | 8 8 10 5 10 10 10 10 10 5 5 Final Carried 10 | 5 8 10 5 7 9 10 10 9 5 2 Class Distribution -------------------- 46% | Mutant 18% | Hacker-Sprinter 14% | Sprinter 14% | Hacker-Mutant 6% | Scavenger-Mutant Dominant Class ---------------- Mutant | -10/Materials Mutant | -9/Materials Mutant | -9/Mines Hacker-Sprinter | -8/Materials Mutant | -7/Factory Sprinter | -7/DSF Sprinter | -6/Factory Hacker-Sprinter | -5/Factory Hacker-Sprinter | -5/Extension Hacker-Mutant | -4/Factory Resources | -11 -10 -9 -9 -8 -7 -7 -6 -5 -5 -4 ----------- Run | Yrd Mat Mat Min Mat Fac DSF Fac Fac Ext Fac Matter Collected 1644 | 291 205 66 . 78 . 112 250 9 619 14 Remotely . | . . . . . . . . . . . Salvage Created 1796 | 102 379 265 . 87 . 55 201 9 698 . Parts 130 | 9 34 18 . 4 . 2 15 2 46 . Haulers Intercepted 5 | . 2 2 . 1 . . . . . . Recyclers Shooed 4 | . 2 1 . . . . . . . 1 Parts Field Recycled . | . . . . . . . . . . . Retrieved Matter . | . . . . . . . . . . . Parts Self-Destructed . | . . . . . . . . . . . Prevented . | . . . . . . . . . . . Kills | -11 -10 -9 -9 -8 -7 -7 -6 -5 -5 -4 ------- Run | Yrd Mat Mat Min Mat Fac DSF Fac Fac Ext Fac Combat Hostiles Destroyed 26 | . 12 1 . . . . 3 . 10 . Guns 13 | . 12 1 . . . . . . . . AOE 13 | . . . . . . . 3 . 10 . Classes Destroyed 13 | 2 7 2 . . . . . . 2 . Worker 11 | . 1 . . 2 . . 2 1 5 . Builder 6 | . . 2 . . . . 1 . 3 . Tunneler 7 | 3 . . . . . . . . 4 . Hauler 5 | . 2 2 . 1 . . . . . . Recycler 7 | 1 1 1 . . . . 1 . 3 . Mechanic 1 | . 1 . . . . . . . . . Operator 2 | . 1 . . . . . 1 . . . Watcher 6 | . 2 2 . 1 . . . . 1 . Swarmer 10 | . 6 . . . . . 3 . 1 . Grunt 12 | . 6 . . . . . . . 6 . Brawler 1 | . . . . . . . . . 1 . Sentry 1 | . . 1 . . . . . . . . Behemoth 2 | . . . . . . . . . 2 . Best Kill Streak 14 | 4 5 3 . 2 . . 4 1 14 . Combat Bots Only 6 | . 3 1 . . . . 3 . 6 . Max Kills in Single Turn 3 | 1 1 2 . 1 . . 3 1 3 . Gunslinging . | . . . . . . . . . . . Exploded 2 | . . . . . . . 2 . 2 . Melee . | . . . . . . . . . . . Uniques/NPCs Destroyed . | . . . . . . . . . . . Combat | -11 -10 -9 -9 -8 -7 -7 -6 -5 -5 -4 -------- Run | Yrd Mat Mat Min Mat Fac DSF Fac Fac Ext Fac Hostile Shots Fired 406 | . 93 4 15 16 9 . 9 9 73 178 Missed 179 | . 18 1 10 11 4 . 5 6 37 87 Damage Taken 4594 | . 772 44 204 137 162 . 27 55 1031 2162 Core 1560 | . 168 . 41 24 . . . . 166 1161 Absorbed by Shields 135 | . . . . . . . . . 135 . Redirected to Shielding 114 | . . . . . . . 6 . . 108 Regen/Repaired (Parts) 72 | . . 72 . . . . . . . . Core Remaining (%) 85 | 100 32 . 89 95 . 100 100 . 83 . Volleys Fired 112 | 7 45 15 . 4 . 4 3 . 32 2 Largest 2 | 2 2 2 . 1 . 1 1 . 1 2 Hottest 130 | 70 130 130 . 65 . 36 36 . 43 116 Shots Fired 176 | 14 85 30 . 4 . 4 3 . 33 3 Gun 133 | 14 85 30 . 2 . . . . . 2 Cannon 1 | . . . . . . . . . . 1 Launcher 42 | . . . . 2 . 4 3 . 33 . Special . | . . . . . . . . . . . Kinetic 9 | 7 . . . . . . . . . 2 Thermal 124 | 7 85 30 . 2 . . . . . . Explosive 42 | . . . . 2 . 4 3 . 33 . Electromagnetic 1 | . . . . . . . . . . 1 Robot Hit Streak 9 | 5 9 7 . 1 . . . . 6 . Robot Miss Streak 10 | 1 10 8 . 2 . . . . 2 1 Penetration Max . | . . . . . . . . . . . Secondary Targets 1 | . 1 . . . . . . . . . Max Gunslinging Chain 1 | . 1 . . . . . . . . . Shots Hit Robots 128 | 10 71 26 . 4 . . 4 1 12 . Core Hits 219 | 5 84 35 . 5 . 3 9 1 76 1 Critical Kills . | . . . . . . . . . . . Critical Parts Destroyed 2 | . . . . 1 . . 1 . . . Critical Strikes 3 | 1 . . . 1 . . 1 . . . Burn 1 | 1 . . . . . . . . . . Smash 2 | . . . . 1 . . 1 . . . Melee Attacks 26 | . . . . 3 . . 12 10 1 . Impact 26 | . . . . 3 . . 12 10 1 . Slashing . | . . . . . . . . . . . Piercing . | . . . . . . . . . . . Sneak Attacks 6 | . . . . 2 . . 3 1 . . Combat Hostiles . | . . . . . . . . . . . Follow-up Attacks . | . . . . . . . . . . . Damage Inflicted 6851 | 125 926 388 . 444 . 187 634 147 3976 24 Guns 1389 | 125 880 369 . 15 . . . . . . Cannons . | . . . . . . . . . . . Explosions 4639 | . . . . 217 . 187 259 . 3976 . Melee 734 | . . . . 212 . . 375 147 . . Ramming 89 | . 46 19 . . . . . . . 24 Kinetic 62 | 62 . . . . . . . . . . Thermal 1327 | 63 880 369 . 15 . . . . . . Explosive 4639 | . . . . 217 . 187 259 . 3976 . Electromagnetic . | . . . . . . . . . . . Impact 734 | . . . . 212 . . 375 147 . . Slashing . | . . . . . . . . . . . Piercing . | . . . . . . . . . . . Highest Corruption 22 | . 1 . . 3 1 1 . . 22 . Average Corruption 3 | . 1 . . 3 1 1 . . 9 . Corruption Purged . | . . . . . . . . . . . Corruption Blocked . | . . . . . . . . . . . Effects 7 | . 2 . . . . . . . 5 . Matter Fused 2 | . 2 . . . . . . . . . Heat Flow Errors 1 | . . . . . . . . . 1 . Parts Rejected 2 | . . . . . . . . . 2 . Data Loss (minor) 1 | . . . . . . . . . 1 . Misfires 1 | . . . . . . . . . 1 . Overload Shots . | . . . . . . . . . . . Overflow Damage 529 | . . . . 190 . . 163 . 176 . Projectiles . | . . . . . . . . . . . Explosions 176 | . . . . . . . . . 176 . Melee 353 | . . . . 190 . . 163 . . . Knockbacks 1 | . . . . . . . 1 . . . Impact 1 | . . . . . . . 1 . . . Kinetic . | . . . . . . . . . . . Secondary . | . . . . . . . . . . . Self-Inflicted Damage 64 | . . . . . . . . . 53 11 Shots 1 | . . . . . . . . . 1 . Rammed 9 | . 2 . . . . . . . . 7 Targets Rammed 32 | . 15 10 . . . . . . . 7 Kicked 22 | . 12 10 . . . . . . . . Crushed 1 | . 1 . . . . . . . . . Highest Temperature 550 | 27 550 250 . 20 . . 127 65 256 259 Average Temperature 89 | 11 206 89 . 12 . . 22 20 40 64 Received Heat Transfer 872 | . 246 36 . . . . 6 27 155 402 Effects 14 | . 14 . . . . . . . . . Shutdowns 4 | . 4 . . . . . . . . . Energy Bleed 1 | . 1 . . . . . . . . . Interference 4 | . 4 . . . . . . . . . Matter Decay 3 | . 3 . . . . . . . . . Damage (minor) 1 | . 1 . . . . . . . . . Damage (core) 1 | . 1 . . . . . . . . . Siege Activations . | . . . . . . . . . . . Robots Corrupted . | . . . . . . . . . . . Combat Hostiles . | . . . . . . . . . . . Parts Fried 4 | . . . . 3 . . 1 . . . Impact Corruptions 10 | . . . . 5 . . 5 . . . Robots Melted . | . . . . . . . . . . . Combat Hostiles . | . . . . . . . . . . . Parts Melted 2 | 1 1 . . . . . . . . . Heat Transferred 1849 | 259 1110 460 . 20 . . . . . . Parts Sabotaged 2 | . . . . . . . . . . 2 Parts Stolen . | . . . . . . . . . . . Parts Stripped . | . . . . . . . . . . . Power Chain Reactions . | . . . . . . . . . . . Alert | -11 -10 -9 -9 -8 -7 -7 -6 -5 -5 -4 ------- Run | Yrd Mat Mat Min Mat Fac DSF Fac Fac Ext Fac Peak Influence 1234 | 20 238 136 60 199 105 97 273 399 1234 811 Initial 604 | . 13 74 19 23 90 70 50 133 195 604 Average 218 | 8 112 48 19 74 93 90 166 291 590 645 Maximum Alert Level 4 | . 1 . . . . . 1 1 4 3 Low Security (%) 66 | 100 93 100 100 100 100 100 62 13 7 . Level 1 17 | . 6 . . . . . 37 86 33 . Level 2 9 | . . . . . . . . . 16 95 Level 3 5 | . . . . . . . . . 35 4 Level 4 . | . . . . . . . . . 7 . Level 5 . | . . . . . . . . . . . High Security . | . . . . . . . . . . . Max Security . | . . . . . . . . . . . Squads Dispatched 19 | . 2 1 . 1 . 1 3 2 3 6 Investigation 7 | . 1 1 . . . . . 2 2 1 Extermination . | . . . . . . . . . . . Reinforcement 8 | . 1 . . 1 . 1 . . 1 4 Assault 1 | . . . . . . . . . . 1 Garrison 3 | . . . . . . . 3 . . . Intercept . | . . . . . . . . . . . Searches Triggered . | . . . . . . . . . . . Construction Impeded 2 | . . . . . . . . . 1 1 Haulers Reinforced . | . . . . . . . . . . . Active Scanning Responses . | . . . . . . . . . . . Cargo Convoy Interrupts . | . . . . . . . . . . . Stealth | -11 -10 -9 -9 -8 -7 -7 -6 -5 -5 -4 --------- Run | Yrd Mat Mat Min Mat Fac DSF Fac Fac Ext Fac Distress Signals 9 | . 3 3 . 1 . . . . 1 1 Communications Jammed . | . . . . . . . . . . . Distress Signals . | . . . . . . . . . . . Times Spotted 143 | . 26 4 9 11 1 2 9 16 37 28 Peak Tracking Total 21 | . 6 3 6 9 1 1 5 5 8 21 Tactical Retreats 15 | . 2 . 1 2 . . 1 5 1 3 Traps | -11 -10 -9 -9 -8 -7 -7 -6 -5 -5 -4 ------- Run | Yrd Mat Mat Min Mat Fac DSF Fac Fac Ext Fac Traps Triggered 6 | . . . . . 1 1 . . 2 2 Indirectly . | . . . . . . . . . . . Trap Hack Attempts . | . . . . . . . . . . . Triggered . | . . . . . . . . . . . Disarmed . | . . . . . . . . . . . Reprogrammed 4 | . . 4 . . . . . . . . Reused . | . . . . . . . . . . . Traps Extracted . | . . . . . . . . . . . Installed . | . . . . . . . . . . . Triggered . | . . . . . . . . . . . Machines | -11 -10 -9 -9 -8 -7 -7 -6 -5 -5 -4 ---------- Run | Yrd Mat Mat Min Mat Fac DSF Fac Fac Ext Fac Machines Disabled 6 | . . . . 1 . . . . 5 . Max in Single Turn 2 | . . . . 1 . . . . 2 . Garrison Access 1 | . . . . . . . . . . 1 Energy Cycler 2 | . . . . . . . . . 2 . Machines Repaired . | . . . . . . . . . . . Machines Dismantled . | . . . . . . . . . . . Machines Sabotaged . | . . . . . . . . . . . Overloaded Fab Kills . | . . . . . . . . . . . Hacking | -11 -10 -9 -9 -8 -7 -7 -6 -5 -5 -4 --------- Run | Yrd Mat Mat Min Mat Fac DSF Fac Fac Ext Fac Machines Accessed 48 | . 5 4 . 6 3 . 10 13 5 2 Terminals 35 | . 5 3 . 6 1 . 3 10 5 2 Fabricators 4 | . . . . . . . 4 . . . Repair Stations 4 | . . 1 . . 1 . 2 . . . Recycling Units 4 | . . . . . 1 . 1 2 . . Scanalyzers 1 | . . . . . . . . 1 . . Garrison Access . | . . . . . . . . . . . Total Hacks 138 | . 14 13 . 27 5 . 25 37 11 6 Successful 54 | . 4 4 . 7 3 . 6 23 4 3 Failed 83 | . 9 9 . 20 2 . 19 14 7 3 Catastrophic 15 | . 2 . . 5 . . 4 3 . 1 Database Lockouts 1 | . 1 . . . . . . . . . Manual 62 | . 7 7 . 14 . . 13 18 . 3 Terminals 106 | . 14 11 . 27 1 . 8 28 11 6 Fabricators 13 | . . . . . . . 13 . . . Repair Stations 7 | . . 2 . . 2 . 3 . . . Recycling Units 5 | . . . . . 2 . 1 2 . . Scanalyzers 7 | . . . . . . . . 7 . . Garrison Access . | . . . . . . . . . . . Terminal Hacks 31 | . 4 2 . 4 1 . 2 12 4 2 Part Schematic 4 | . 1 . . . . . . 3 . . Open Door 4 | . . . . . . . . 1 3 . Open DSF 2 | . . . . . 1 . . 1 . . Level Access Points 1 | . . . . . . . . 1 . . Branch Access Points 3 | . 1 1 . 1 . . . . . . Machine Index 1 | . . . . . . . . 1 . . Terminal Index 3 | . 1 . . 1 . . . 1 . . Alert Level 2 | . . . . 1 . . 1 . . . Locate Traps 7 | . 1 . . 1 . . . 3 1 1 Reprogram Traps 1 | . . 1 . . . . . . . . Recall Investigation 1 | . . . . . . . . 1 . . Zone Layout 2 | . . . . . . . 1 . . 1 Fabricator Hacks 1 | . . . . . . . 1 . . . Network Status 1 | . . . . . . . 1 . . . Repair Station Hacks 3 | . . 2 . . 1 . . . . . Scan Component 2 | . . 1 . . 1 . . . . . Repair 1 | . . 1 . . . . . . . . Recycling Unit Hacks 4 | . . . . . 1 . 1 2 . . Report Inventory 4 | . . . . . 1 . 1 2 . . Scanalyzer 7 | . . . . . . . . 7 . . Insert Component 3 | . . . . . . . . 3 . . Analyze 4 | . . . . . . . . 4 . . Garrison Access Hacks . | . . . . . . . . . . . Unauthorized Hacks 8 | . . . . 3 . . 2 2 . 1 Terminals 7 | . . . . 3 . . 1 2 . 1 Botnet 6 | . . . . 3 . . 1 2 . . Disrupt 1 | . . . . . . . . . . 1 Fabricators 1 | . . . . . . . 1 . . . Fabnet 1 | . . . . . . . 1 . . . Repair Stations . | . . . . . . . . . . . Recycling Units . | . . . . . . . . . . . Scanalyzers . | . . . . . . . . . . . Garrison Access . | . . . . . . . . . . . Data Cores Recovered 1 | . . . . . . . 1 . . . Used . | . . . . . . . . . . . Hacking Detections 39 | . 4 3 . 6 1 . 10 9 4 2 Full Trace Events 8 | . 2 1 . . . . . 2 2 1 Feedback Events 1 | . 1 . . . . . . . . . Corruption 1 | . 1 . . . . . . . . . Feedback Blocked . | . . . . . . . . . . . Robot Schematics Acquired . | . . . . . . . . . . . Robots Built . | . . . . . . . . . . . Authchips . | . . . . . . . . . . . Time . | . . . . . . . . . . . Total Robot Build Rating . | . . . . . . . . . . . Part Schematics Acquired 7 | . 1 . . . . . . 6 . . Parts Built . | . . . . . . . . . . . Authchips . | . . . . . . . . . . . Time . | . . . . . . . . . . . Total Part Build Rating . | . . . . . . . . . . . Parts Repaired 1 | . . 1 . . . . . . . . Time 32 | . . 32 . . . . . . . . Parts Recycled . | . . . . . . . . . . . Recycled Matter . | . . . . . . . . . . . Retrieved Matter . | . . . . . . . . . . . Retrieved Components . | . . . . . . . . . . . Parts Scanalyzed 3 | . . . . . . . . 3 . . Part Schematics Acquired 3 | . . . . . . . . 3 . . Parts Damaged 1 | . . . . . . . . 1 . . Bothacking | -11 -10 -9 -9 -8 -7 -7 -6 -5 -5 -4 ------------ Run | Yrd Mat Mat Min Mat Fac DSF Fac Fac Ext Fac Used RIF Installer . | . . . . . . . . . . . Robots Hacked 1 | . . . . . . . . . 1 . Non-combat . | . . . . . . . . . . . Combat 1 | . . . . . . . . . 1 . Robot Hacks Applied . | . . . . . . . . . . . Relay Couplers Released 4 | . . . . . . . . . . 4 Machine Destruction 4 | . . . . . . . . . . 4 Fabnet Peak Effective % 3 | . . . . . . . . 3 3 1 Autooverrided 1 | . . . . . . . . . 1 . Robots Rewired 12 | . . . . . . . 1 . 11 . Allies Hacked . | . . . . . . . . . . . Hacks Repelled . | . . . . . . . . . . . Allies | -11 -10 -9 -9 -8 -7 -7 -6 -5 -5 -4 -------- Run | Yrd Mat Mat Min Mat Fac DSF Fac Fac Ext Fac Total Allies 29 | . . . . . . . 1 12 16 . Largest Group 10 | . . . . . . . 1 8 10 . Highest-Rated Group 434 | . . . . . . . 29 163 434 . Highest-Rated Ally 159 | . . . . . . . 29 31 159 . Total Orders 5 | . . . . . . . 4 1 . . ROAM 1 | . . . . . . . 1 . . . FOLLOW 1 | . . . . . . . 1 . . . EXPLORE 3 | . . . . . . . 2 1 . . Ally Attacks 207 | . . . . . . . 3 . 204 . Total Damage 4621 | . . . . . . . 18 . 4603 . Kills 33 | . . . . . . . 1 . 32 . Allies Corrupted . | . . . . . . . . . . . Allies Melted 1 | . . . . . . . . . 1 . Intel | -11 -10 -9 -9 -8 -7 -7 -6 -5 -5 -4 ------- Run | Yrd Mat Mat Min Mat Fac DSF Fac Fac Ext Fac Robot Analysis Total . | . . . . . . . . . . . Derelict Logs Recovered . | . . . . . . . . . . . Drone Launches 3 | . . . . . . . 2 1 . . Drone Recoveries 2 | . . . . . . . 1 1 . . Exploration | -11 -10 -9 -9 -8 -7 -7 -6 -5 -5 -4 ------------- Run | Yrd Mat Mat Min Mat Fac DSF Fac Fac Ext Fac Turns Passed 3574 | 115 699 784 121 205 116 70 363 332 479 290 Spaces Moved 3881 | 52 343 401 137 412 166 150 718 763 419 320 Core 82 | 5 . . . . . . . . 5 72 Treads 249 | 47 202 . . . . . . . . . Legs 617 | . 141 401 75 . . . . . . . Wheels 56 | . . . . . . . . . . 56 Hover 181 | . . . . . . . . . . 181 Flight 2696 | . . . 62 412 166 150 718 763 414 11 Fastest Speed 27 | 50 120 120 42 29 29 31 28 28 27 34 Average Speed 59 | 149 143 120 84 31 55 31 28 28 49 72 Slowest Speed 250 | 160 190 120 120 42 106 31 28 108 200 250 Overloaded Moves . | . . . . . . . . . . . Propulsion Burnouts . | . . . . . . . . . . . Robots Hopped 17 | . . . 2 4 . . 7 4 . . Cave-ins Triggered 1 | . . . . . . . . . 1 . Exploration Rate (%) 32 | 3 47 32 26 39 6 88 28 24 50 12 Regions Visited 10 Branch Regions 2 Pre-discovered Areas . | . . . . . . . . . . . Known Exits Taken 5 | . . 1 . . 1 . 1 1 1 . Unknown Exits Taken 4 | 1 1 . 1 1 . . . . . . Scrap Searched . | . . . . . . . . . . . Spaces Dug 20 | . . . . 1 . . 4 7 8 . Terrain Destroyed 224 | . . . . 12 . 20 31 7 154 . Melee 12 | . . . . 1 . . 4 7 . . Projectile . | . . . . . . . . . . . AOE 212 | . . . . 11 . 20 27 . 154 . Terrain Rammed . | . . . . . . . . . . . Walls Destroyed . | . . . . . . . . . . . Machines Disabled . | . . . . . . . . . . . Actions | -11 -10 -9 -9 -8 -7 -7 -6 -5 -5 -4 --------- Run | Yrd Mat Mat Min Mat Fac DSF Fac Fac Ext Fac Total 4910 | 72 460 673 139 474 189 168 852 863 653 367 Wait 562 | . 24 221 . 35 8 . 101 67 92 14 Move 3837 | 51 342 400 132 403 165 149 704 755 416 320 Hop 15 | . . . 2 4 . . 6 3 . . Pick Up 53 | 6 10 9 . 5 5 2 7 7 2 . Fast Attach 68 | 7 8 4 . 9 5 6 4 4 6 15 Attach 27 | . 3 2 . 5 1 . 2 5 5 4 Detach 6 | . . . . 2 . . . 1 2 1 Swap 12 | . 1 3 2 . . 1 3 1 1 . Drop 68 | 1 12 9 3 4 5 6 9 10 5 4 Fire 112 | 7 45 15 . 4 . 4 3 . 32 2 Melee 26 | . . . . 3 . . 12 10 1 . Ram 7 | . . . . . . . . . . 7 Kick 22 | . 12 10 . . . . . . . . Crush 3 | . 3 . . . . . . . . . Escape Stasis 38 | . . . . . . . . . 38 . Rewire 54 | . . . . . . . 1 . 53 . Trap . | . . . . . . . . . . . Miscellaneous . | . . . . . . . . . . . Route ------- -11/Scrapyard -10/Materials (discovered 2 exits: *Mat / Min) -9/Materials -9/Mines -8/Materials -7/Factory (discovered 2 exits: [*Sto] / DSF) -7/DSF -6/Factory -5/Factory (discovered 6 exits: Fac x4 / [*Upp] / *Ext) -5/Extension -4/Factory History --------- Turn | Location | Event 2 | -11/Scrapyard | Met Revision 17 10 | -11/Scrapyard | Discovered new exit (range 16) 116 | -11/Scrapyard | Entered Materials 329 | -10/Materials | Build established: Mutant 590 | -10/Materials | Core integrity fell below 50% 655 | -10/Materials | Central database locked down 670 | -10/Materials | Discovered new exit (range 6) 755 | -10/Materials | Identified exit to Mines 815 | -10/Materials | Entered another Materials area 815 | -9/Materials | Evolved 2 slots: Propulsion x1, Utility x1 857 | -9/Materials | Repaired Spread Laser 1393 | -9/Materials | Identified exit to Mines 1599 | -9/Materials | Entered Mines 1629 | -9/Mines | Found a hidden stash of uninstalled traps 1680 | -9/Mines | Assembled infested the area 1685 | -9/Mines | Assisted by a Guerilla fighting off Assembled 1695 | -9/Mines | Discovered new exit (range 8) 1720 | -9/Mines | Entered Materials 1720 | -8/Materials | Evolved 2 slots: Utility x2 1911 | -8/Materials | Discovered new exit (range 11) 1925 | -8/Materials | Entered Factory 1925 | -7/Factory | Evolved 2 slots: Power x1, Propulsion x1 1993 | -7/Factory | Discovered new exit (range 8) 2041 | -7/Factory | Identified exit to DSF 2041 | -7/Factory | Entered DSF 2042 | -7/DSF | Joined Warlord attack on 0b10 via DSF 2053 | -7/DSF | Discovered new exit (range 11) 2065 | -7/DSF | Additional patrols routed to DSF 2111 | -7/DSF | Entered Factory 2111 | -6/Factory | Evolved 2 slots: Propulsion x1, Utility x1 2332 | -6/Factory | Build established: Sprinter 2465 | -6/Factory | Discovered new exit (range 16) 2469 | -6/Factory | Identified exit to Factory 2474 | -6/Factory | Entered another Factory area 2474 | -5/Factory | Evolved 2 slots: Utility x2 2501 | -5/Factory | Discovered new exit (range 16) 2501 | -5/Factory | Identified exit to Factory 2798 | -5/Factory | Discovered new exit (range 10) 2806 | -5/Factory | Identified exit to Extension 2806 | -5/Factory | Entered Extension 2915 | -5/Extension | Rescued A7 3024 | -5/Extension | Rescued a captive Derelict 3025 | -5/Extension | Rescued a captive Derelict 3109 | -5/Extension | Spotted B-75 Beast 3123 | -5/Extension | Spotted B-75 Beast 3144 | -5/Extension | Destroyed B-75 Beast 3152 | -5/Extension | Destroyed B-75 Beast 3155 | -5/Extension | Discovered exit to Factory (range 3) 3156 | -5/Extension | Disrupted transfer network 3172 | -5/Extension | Lost 7 allies 3181 | -5/Extension | Energy Cycler disabled 3183 | -5/Extension | Rescued a captive Derelict 3183 | -5/Extension | Rescued a captive Derelict 3202 | -5/Extension | Rescued a captive Derelict 3262 | -5/Extension | Crushed by falling debris 3263 | -5/Extension | System corruption reached 10% 3267 | -5/Extension | Lost 3 allies 3285 | -5/Extension | Entered Factory 3285 | -4/Factory | Accompanied by 1 ally (A7) 3285 | -4/Factory | Evolved 2 slots: Utility x2 3293 | -4/Factory | Lost 10 parts (1p3n4u2w) 3416 | -4/Factory | Spotted B-86 Titan 3536 | -4/Factory | Released all parts (10) 3546 | -4/Factory | Core integrity fell below 50% 3557 | -4/Factory | Lost 5 parts (1p2u2w) 3570 | -4/Factory | Core integrity fell below 20% 3575 | -4/Factory | Destroyed by H-71 Marshal with Heavy Mass Driver Last Messages --------------- 03545_ Triggered Ambush Trap. 03545_ L-61 Swordsman emerges from a hatch in the floor. 03545_ G-67 Veteran emerges from a hatch in the floor. 03551_ Penetrated by Slug. 03552_ Slammed into T-07 Excavator. 03554_ Slammed into A-15 Conveyor. 03560_ Knocked back. 03563_ Penetrated by Slug. 03563_ Knocked back. 03565_ Penetrated by Slug. 03565_ Knocked back. 03569_ ALERT: Security rotation in progress. 03569_ Slammed into H-71 Marshal. 03571_ H-71 Marshal calls for reinforcements. 03571_ ALERT: Hostile activity reported, dispatching reinforcements to area. 03571_ Knocked back. 03573_ Penetrated by Slug. 03573_ Knocked back. 03575_ Penetrated by Slug. Map ----- +----------------------------------------------------+ | ?????????????????????????????????????????????????? | | ?????????????????????????????????????????????????? | | ?????????????????????????????????????????????????? | | ?????????????????????????????????????????????????? | | ?????????????????????????????????????????????????? | | ?????????????????????????????????????????????????? | | ?????????????????????????????????????????????????? | | ?????????????????????????????????????????????????? | | ?????????????????????????????????????????????????? | | ?????????????????????????????????????????????????? | | ??????????????????????? h ??????????????????????? | | ?????????????????????# ??????????????????????? | | ?????????????????????# ??????????????????????? | | ?????????????????????#t #?????????????????????? | | ?????????????????????# #?????????????????????? | | ?????????????????????# #?????????????????????? | | ?????????????????????+ +?????????????????????? | | ?????????????????????# #?????????????????????? | | ?????????????????????# #?????????????????????? | | ?????????????????????# #?????????????????????? | | ?????????????????????# #?????????????????????? | | ?????????????????????# #?????????????????????? | | ?????????????????????#k #?????????????????????? | | ?????????????????????# % +?????????????????????? | | ?????????????????????# #?????????????????????? | | ?????????????????????# @ #?????????????????????? | | ?????????????????????# #?????????????????????? | | ?????????????????????# #?????????????????????? | | ?????????????????????# #?????????????????????? | | ?????????????????????# % #?????????????????????? | | ?????????????????????# #?????????????????????? | | ?????????????????????# #?????????????????????? | | ?????????????????????# #?????????????????????? | | ????????????????????## ##????????????????????? | | ?????#######????????# % #????????????????????? | | ?????# #######+##A ####### ????????###### | | ###### % #?????# | | % % +?????# " | | ###### H #?????# " | | ????# #######+## ###########?????# " | | "????#######????? # #???????????????# ! " | | ""??????????????? ###############?????????# | | ""?????????????? #?# #?????????# " | | """????????????? #?# #?????????# " | | ????????????? #?# #?????????# " | | ?????????????? #?# #?????????# " | | #########?????#######?# #?????????# | | #?????????????# #?????????# | | #???????????? # #######???###### | | "" #???????????? # # #???????# | +----------------------------------------------------+ Best States ------------- Heat Dissipation 43 Energy Generation 27 Energy Capacity 290 Matter Stores 300 Matter Capacity 300 Sight Range 22 Robot Scan Range 15 Terrain Scan Density 85 ECM Strength 2 Additional Mass Support 9 Armor Coverage 150 Propulsion Shielding 66 Evasion (%) 74 Recoil Reduction 2 Offensive Hacking 22 Defensive Hacking 20 Item Schematics ----------------- Propulsion Shielding | -10/Materials | Hacked Rocket Array | -5/Factory | Hacked Adv. ECM Suite | -5/Factory | Scanalyzed Nuclear Pulse Thruster | -5/Factory | Scanalyzed Imp. Propulsion Shielding | -5/Factory | Scanalyzed Lgt. Deuterium Engine | -5/Factory | Hacked Med. Storage Unit | -5/Factory | Hacked Robot Schematics ------------------ None Fabricated ------------ Nothing Alien Tech Used ----------------- None Achievements -------------- Prison Break Challenges ------------ None Game ------ Seed ConcussiveCloakingCloak Manual? 0 Play Time 01:35:26 Cumulative 74.6 hours Start 2024.05.03 @ 22:48:19 End 2024.05.04 @ 00:23:46 Sessions 1 Manual Loads 0 Difficulty Rogue Special Mode None Game No. 55 Rogue 16 Adventurer 32 Explorer 7 Win Type - Total 0 Types 0/0/0/0/0/0/0/0/0 Lore% 23 Gallery% 52 Achievement% 41 Wizard Run 0 Options --------- Layout 1 ASCII 0 Keyboard 0 Movement Numpad Keybinds 0 Fullscreen 0 Font 16/Smallcaps Map View 64x42 Zoom Use 0% Tactical HUD 1 Map Filters NONE Filters NONE Steam 1 RUN: 66a16d67-de3c-4e51-94d3-9e7029041f67